 Dungeon Crawl Stone Soup version 0.31-a0-73-g838c19eb66 (webtiles) character file.

Game seed: 14765453715417543316

39064 Colgate the Impaler (level 14, -7/106 HPs)
             Began as a Meteoran Necromancer on May 23, 2023.
             Was a High Priest of Hepliaklqana.
             Mangled by a merfolk impaler
             ... wielding a +0 trident
              (9 damage)
             ... on level 4 of the Shoals on May 24, 2023.
             The game lasted 01:38:41 (6503 turns).

Colgate the Impaler (Meteoran Necromancer)          Turns: 6503, Time: 01:38:42

Health: -7/106     AC: 18    Str: 14    XL:     14   Next: 76%
Magic:  27/27      EV: 12    Int: 21    God:    Hepliaklqana [*****.]
Gold:   250        SH:  0    Dex: 14    Spells: 17/29 levels left

rFire   . . .        a - +10 trident of Imbalance {venom, Str+4 Dex-2 SInv Stlth+}
rCold   + . .        (no shield)
rNeg    . . .        u - +4 scale mail
rPois   .            P - +0 helmet
rElec   .            r - +0 cloak
rCorr   .            d - +0 pair of gloves
SInv    +            n - +0 pair of boots
Will    +....        c - amulet of magic regeneration
Stlth   +            X - ring of ice
HPRegen 0.37/turn    j - ring of protection from fire
MPRegen 0.60/turn

%: no passive effects
@: glowing
A: reduced essence, sense surroundings 2, otherworldly, glowing, explore regen
a: Renounce Religion, Recall Ancestor, Ancestor Identity, Transference, Idealise


You were on level 4 of the Shoals.
You worshipped Hepliaklqana.
Hepliaklqana was extremely pleased with you.
You visited 3 branches of the dungeon, and saw 20 of its levels.
You also visited: Ossuary.

You collected 843 gold pieces.
You spent 593 gold pieces at shops.

Inventory:

Hand Weapons
 a - the +10 trident of Imbalance (weapon) {venom, Str+4 Dex-2 SInv Stlth+}
   (You found it on level 9 of the Dungeon)

   Str:       It affects your strength (+4).
   Dex:       It affects your dexterity (-2).
   SInv:      It lets you see invisible.
   Stlth:     It makes you more stealthy.
 b - a +1 glaive
 i - a +6 great sword
 Y - the +1 dagger of Quick Death {holy, rElec rF- rC+ rN++}
   (You found it on level 4 of the Lair of Beasts)

   rF:        It makes you vulnerable to fire.
   rC:        It protects you from cold.
   rElec:     It insulates you from electricity.
   rN:        It greatly protects you from negative energy.
Armour
 d - a +0 pair of gloves (worn)
 l - a +2 robe of the Archmagi
 n - a +0 pair of boots (worn)
 r - a +0 cloak (worn)
 u - a +4 scale mail (worn)
 P - a +0 helmet (worn)
 W - a scarf of harm
 Z - a +2 plate armour of willpower
Jewellery
 c - an amulet of magic regeneration (around neck)
 e - a ring of fire
 j - a ring of protection from fire (right hand)
 X - a ring of ice (left hand)
Wands
 p - a wand of charming (11)
 K - a wand of polymorph (16)
 M - a wand of light (4) {@v1}
 Q - a wand of iceblast (10) {@v2}
 S - a wand of digging (6) {@v3}
 T - a wand of mindburst (3)
 U - a wand of flame (6)
Scrolls
 f - 2 scrolls of blinking {@r4}
 g - a scroll of poison {unknown}
 t - 3 scrolls of enchant weapon
 w - 5 scrolls of teleportation {@r3}
 y - a scroll of amnesia {unknown}
 A - a scroll of butterflies
 B - a scroll of fear {unknown}
 E - a scroll of immolation {unknown}
 H - a scroll of vulnerability {unknown}
 J - a scroll of magic mapping {unknown}
 R - a scroll of fog
 V - a scroll of enchant armour {unknown}
Potions
 h - 7 potions of curing {@q1}
 m - 5 potions of berserk rage
 o - 5 potions of cancellation
 s - a potion of mutation
 v - 2 potions of haste {unknown}
 x - 2 potions of might {unknown}
 z - 2 potions of resistance {unknown}
 C - a potion of attraction
 D - a potion of heal wounds {@q2}
 F - 4 potions of enlightenment {unknown}
 G - 3 potions of brilliance {unknown}
 L - 2 potions of lignification {unknown}
 N - 2 potions of magic
Miscellaneous
 I - a phantom mirror
 O - a box of beasts (inert)


   Skills:
 - Level 9.0 Fighting
 - Level 18.0 Polearms
 + Level 9.0 Armour
 - Level 7.2 Dodging
 - Level 1.4 Stealth
 - Level 8.2 Spellcasting
 - Level 10.1 Necromancy
 - Level 9.0 Invocations
 - Level 6.2 Evocations


You had 17 spell levels left.
You knew the following spells:

 Your Spells              Type           Power      Damage    Failure   Level
a - Necrotise             Necr           100%       1d9       1%          1
b - Vampiric Draining     Necr           50%        2d9       1%          3
c - Animate Dead          Necr           50%        N/A       4%          4
d - Dispel Undead         Necr           50%        3d19      4%          4

Your spell library contained the following spells:

 Spells                   Type           Power      Damage    Failure   Level
 Kiss of Death            Conj/Necr      100%       2d13      4%          1
 Agony                    Necr           50%        N/A       11%         5
 Apportation              Tloc           16%        N/A       26%         1
 Summon Small Mammal      Summ           32%        N/A       26%         1
 Call Canine Familiar     Summ           8%         N/A       61%         3
 Confusing Touch          Hex            8%         N/A       61%         3
 Portal Projectile        Hex/Tloc       8%         N/A       75%         3
 Leda's Liquefaction      Hex/Erth       2%         N/A       98%         4
 Conjure Ball Lightning   Conj/Air       2%         3x3d6     100%        6
 Discord                  Hex            4%         N/A       100%        8
 Disjunction              Tloc           4%         N/A       100%        8


Dungeon Overview and Level Annotations

Branches:
Dungeon (11/15) Zot: 3064    Lair (5/5) D:11 Zot: 766  Shoals (4/4) Lair:3 Zot: 2023
  Slime (0/5) Lair:5      Ossuary (visited)
 Temple: D:4-7        Snake: Lair:2-3    Spider: Lair:2-3       Orc: D:9-12

Altars:
Cheibriados
Elyvilon
Fedhas
Gozag
Hepliaklqana
Trog
Jiyva

Shops:
D:3 !   D:9 [


Innate Abilities, Weirdness & Mutations

Your life essence is reduced to manifest your ancestor. (-10% HP)
You passively map the area around you.
You are easily found by Zot.
You glow in the dark.
You regain HP and MP as you explore.


Message History

Your juvenile weirdsting beast closely misses the merfolk impaler.
Your juvenile weirdsting beast misses the merfolk impaler.
Your juvenile weirdsting beast barely misses the merfolk impaler.
The merfolk hits your satyr zombie with a +0 halberd!!
Your satyr zombie is destroyed!
Your juvenile weirdsting beast hits the merfolk impaler.
Your juvenile weirdsting beast closely misses the merfolk impaler.
Your juvenile weirdsting beast completely misses the merfolk impaler.
The merfolk barely misses your juvenile weirdsting beast.
Your juvenile weirdsting beast barely misses the merfolk impaler.
The merfolk hits your juvenile weirdsting beast with a +0 spear!
There is a stone staircase leading up here.
The merfolk impaler hits you from afar with a +0 trident.
* * * LOW HITPOINT WARNING * * *
Your juvenile weirdsting beast misses the merfolk impaler.
The merfolk impaler hits you but does no damage.
You climb upwards.
There is a stone staircase leading down here.
Found a ring mail.
Tochtli emerges from the mists of memory!
There is a stone staircase leading down here.
You climb downwards.
The merfolk hits you from afar with a +0 halberd!
There is a stone staircase leading up, spattered with blood here.
Reach: a) +10 trident of Imbalance {venom, Str+4 Dex-2 SInv Stlth+}
Aim: a merfolk impaler, wielding a +0 trident and wearing a +0 robe (poisoned, about 40% to evade the +10 trident of Imbalance)
You reach to attack!
You miss the merfolk impaler.
The merfolk impaler hits you from afar with a +0 trident!
Reach: a) +10 trident of Imbalance {venom, Str+4 Dex-2 SInv Stlth+}
Aim: a merfolk impaler, wielding a +0 trident and wearing a +0 robe (poisoned, about 40% to evade the +10 trident of Imbalance)
You reach to attack!
You miss the merfolk impaler.
The merfolk impaler hits you but does no damage.
The merfolk hits you from afar with a +0 halberd!
* * * LOW HITPOINT WARNING * * *
The merfolk impaler hits you from afar with a +0 trident!
* * * LOW HITPOINT WARNING * * *
The merfolk hits you from afar with a +0 halberd!
* * * LOW HITPOINT WARNING * * *
The merfolk impaler hits you from afar with a +0 trident!
You die...

~~~~~≈≈≈≈≈≈≈~~...~~~~~.
,~ ~~~~≈≈≈~~~.....~~~..
~ ~ ~ ~
~~P~~~~........~.# ~~
~~~~~~......~~...# ~~~
~~~~~~~......~~~~# *, ~
, <~~~~..........## ~ ,
, .....~...)..)...# ~~
,, **#~~~#.......)[..#
~~ *### #....@.m....# ~
* , #...##...R.....# ~~
,..≈.~. #...mm....# ~~~
.#.#..*#~~.......# ~~~~
~ * ≈. .
#~~.......#,.~~~~ ~~ ~~
~* . * ~
#~~.......#..~~~~ ~
*,~~ ~
#~~.......)..~~~~ * ~*
* #.......$..~~~~~~ * *
* *~~~~~~~[...~~~~~~.*


You could see the friendly Tochtli the knight, a merfolk impaler (poisoned) and
2 merfolk.

Vanquished Creatures
  A merfolk impaler (Shoals:1)
  A hydra (Lair:5)
  A two-headed ogre (D:8)
  4 catoblepae (Lair:5)
  A merfolk aquamancer (Shoals:3)
  5 death yaks (Lair:5)
  A skyshark (Lair:4)
  2 sea snakes
  2 manticores
  2 cyclopes (Shoals:2)
  3 elephants (Lair:2)
  2 merfolk sirens
  A black mamba (Lair:5)
  2 water nymphs
  A torpor snail (Lair:4)
  6 cane toads
  2 komodo dragons
  3 merfolk
  A hornet (D:8)
  A polar bear (Lair:3)
  Prince Ribbit (Lair:1)
  A wind drake (Shoals:4)
  A snapping turtle (Shoals:1)
  13 blink frogs
  3 water elementals
  16 yaks
  A wyvern (D:10)
  A steam dragon (D:8)
  Edmund (D:4)
  An acid dragon (D:9)
  6 water moccasins
  A sky beast (D:6)
  A black bear (D:8)
  An ogre (D:6)
  An ice beast (D:6)
  3 wolves
  4 centaurs
  A kobold brigand (D:8)
  5 bullfrogs
  A water moccasin zombie (Ossuary)
  9 wights
  2 killer bees (D:8)
  2 howler monkeys (D:9)
  An electric eel (Lair:5)
  A bullfrog zombie (Ossuary)
  A hound (D:3)
  3 jellies
  2 orc priests
  An iguana (D:6)
  A gnoll (D:3)
  4 adders
  2 adder zombies (Ossuary)
  A dart slug (D:1)
  9 orcs
  3 ball pythons
  A bat (D:1)
  3 endoplasms (D:1)
  A giant cockroach (D:3)
  3 gnoll zombies (Ossuary)
  A goblin (D:2)
  2 hobgoblins
  A jackal (D:1)
  9 kobolds
  3 quokkas
  2 frilled lizards (D:3)
  A goblin zombie (Ossuary)
  3 orc zombies (Ossuary)
  2 rats (D:1)
179 creatures vanquished.

Vanquished Creatures (collateral kills)
  Snorg (D:10)
  A merfolk avatar (Shoals:4)
  A satyr (Shoals:4)
  2 two-headed ogres
  A death yak (Lair:5)
  An elephant (Lair:2)
  2 manticores
  A merfolk siren (Shoals:3)
  A water nymph (Shoals:1)
  3 cane toads
  A komodo dragon (Lair:3)
  Psyche (D:10)
  A polar bear (Lair:2)
  2 merfolk (Shoals:4)
  4 blink frogs
  A wyvern (D:4)
  2 basilisks
  2 water elementals
  12 yaks
  Grum (D:10)
  A steam dragon (D:8)
  4 water moccasins
  A black bear (Lair:1)
  An ogre (D:6)
  6 wolves
  2 kobold brigands
  3 bullfrogs
  A water moccasin zombie (Ossuary)
  5 wights
  A killer bee (D:8)
  2 howler monkeys (D:9)
  An electric eel (Lair:5)
  2 bullfrog zombies (Ossuary)
  A hound (D:6)
  3 centaur zombies (Ossuary)
  2 jellies (Lair:5)
  A sleepcap (D:6)
  Terence (D:3)
  5 orc wizards
  2 scorpion zombies (Ossuary)
  2 gnolls
  5 adders
  A shadow imp (D:5)
  A white imp (D:8)
  An adder zombie (Ossuary)
  A worm (D:4)
  8 orcs
  A ball python (D:3)
  A gnoll zombie (Ossuary)
  2 goblins (D:4)
  A hobgoblin (D:3)
  A jackal (D:1)
  9 kobolds
  A goblin zombie (Ossuary)
  3 hobgoblin zombies (Ossuary)
  2 orc zombies (Ossuary)
126 creatures vanquished.

Vanquished Creatures (others)
  A death yak zombie (Lair:5)
  A sea snake zombie (Shoals:4)
  A satyr zombie (Shoals:4)
  A wind drake zombie (Shoals:4)
  A merfolk zombie (Shoals:4)
  An elephant zombie (Lair:2)
  4 blink frog zombies
  A human zombie (Lair:1)
  A cyclops zombie (Shoals:2)
  A komodo dragon zombie (Lair:5)
  2 water moccasin zombies
  4 yak zombies (Lair:5)
  A wolf zombie (Lair:3)
  3 bullfrog zombies
  A black bear zombie (D:8)
  11 knights
  An adder zombie (D:6)
  7 orc zombies
  7 kobold zombies (D:8)
50 creatures vanquished.

Grand Total: 355 creatures vanquished

Notes
Turn   | Place    | Note
-------+----------+-------------------------------------------
     0 | D:1      | Colgate the Meteoran Necromancer began the quest for the
                  | Orb.
     0 | D:1      | Reached XP level 1. HP: 14/14 MP: 5/5
    57 | D:1      | Found a faded altar of an unknown god.
    66 | D:1      | Prayed at the altar of an unknown god.
    66 | D:1      | Became a worshipper of Hepliaklqana the Forgotten
    66 | D:1      | Reached * piety under Hepliaklqana
    72 | D:1      | Reached XP level 2. HP: 18/18 MP: 4/7
   183 | D:2      | Reached XP level 3. HP: 23/23 MP: 5/9
   187 | D:2      | Learned a level 3 spell: Vampiric Draining
   392 | D:3      | Found Ehodgh's Distillery.
   400 | D:3      | Bought a potion of curing for 33 gold pieces
   456 | D:3      | Reached skill level 5 in Necromancy
   457 | D:3      | Reached XP level 4. HP: 19/29 MP: 2/11
   462 | D:3      | Learned a level 4 spell: Animate Dead
   495 | D:3      | Reached skill level 5 in Spellcasting
   495 | D:3      | Reached XP level 5. HP: 28/34 MP: 1/13
   508 | D:3      | Reached ** piety under Hepliaklqana
   509 | D:3      | Remembered your ancestor Tochtli as a knight
   514 | D:3      | Noticed Terence
   522 | D:3      | Killed Terence
   523 | D:3      | Reached skill level 1 in Fighting
   579 | D:4      | Noticed Edmund
   588 | D:4      | Killed Edmund
   589 | D:4      | Reached XP level 6. HP: 46/46 MP: 5/14
   777 | D:4      | Noticed a wyvern
   786 | D:4      | Killed a wyvern
   787 | D:4      | Reached XP level 7. HP: 19/56 MP: 1/15
   948 | D:5      | Entered Level 5 of the Dungeon
  1183 | D:5      | Noticed a water moccasin
  1190 | D:5      | Killed a water moccasin
  1191 | D:5      | Reached XP level 8. HP: 63/63 MP: 14/16
  1225 | D:6      | Reached *** piety under Hepliaklqana
  1311 | D:6      | Reached skill level 5 in Dodging
  1372 | D:6      | Reached skill level 1 in Invocations
  1418 | D:6      | Learned a level 4 spell: Dispel Undead
  1517 | D:5      | Gained mutation: You passively map the area around you.
                  | [Meteoran growth]
  1517 | D:5      | Reached XP level 9. HP: 68/70 MP: 17/17
  1586 | D:6      | Found a sand-covered staircase.
  1606 | Ossuary  | Entered an ossuary
  1757 | Ossuary  | Noticed a silent spectre
  2119 | D:8      | Reached XP level 10. HP: 75/75 MP: 12/22
  2161 | D:8      | Reached **** piety under Hepliaklqana
  2180 | D:8      | Noticed a two-headed ogre
  2180 | D:8      | Noticed a two-headed ogre
  2355 | D:9      | Reached skill level 10 in Necromancy
  2371 | D:9      | Noticed a two-headed ogre
  2379 | D:9      | Killed a two-headed ogre
  2469 | D:9      | Found Xyfeuf's Armour Shoppe.
  2484 | D:9      | Identified the +10 trident of Imbalance {venom, Str+4 Dex-2
                  | SInv Stlth+}
  2528 | D:9      | Reached skill level 5 in Invocations
  2591 | D:8      | Killed a two-headed ogre
  2623 | D:10     | Entered Level 10 of the Dungeon
  2655 | D:10     | Found an opulent altar of Gozag.
  2666 | D:10     | Noticed Snorg
  2674 | D:10     | Killed Snorg
  2675 | D:10     | Reached XP level 11. HP: 85/85 MP: 19/23
  2805 | D:10     | Found a blossoming altar of Fedhas.
  2927 | D:10     | Noticed Psyche
  2927 | D:10     | Noticed Grum
  2935 | D:10     | Killed Psyche
  2941 | D:10     | Reached skill level 1 in Evocations
  2951 | D:10     | Killed Grum
  3143 | D:9      | Found a white marble altar of Elyvilon.
  3207 | D:9      | Found a bloodstained altar of Trog.
  3338 | D:8      | Reached skill level 5 in Evocations
  3343 | D:8      | Found a snail-covered altar of Cheibriados.
  3428 | D:8      | Killed a two-headed ogre
  3568 | D:8      | Reached skill level 1 in Polearms
  3600 | D:8      | Reached skill level 2 in Polearms
  3675 | D:11     | Found a staircase to the Lair.
  3687 | Lair:1   | Entered Level 1 of the Lair of Beasts
  3729 | Lair:2   | Reached skill level 3 in Polearms
  3756 | Lair:1   | Reached skill level 4 in Polearms
  3776 | Lair:1   | Noticed Prince Ribbit
  3783 | Lair:1   | Killed Prince Ribbit
  3784 | Lair:1   | Reached skill level 5 in Polearms
  3789 | Lair:1   | Reached XP level 12. HP: 71/93 MP: 21/25
  3807 | Lair:1   | Reached skill level 6 in Polearms
  3951 | Lair:1   | Your ally Prince Ribbit died
  3954 | Lair:1   | Reached skill level 7 in Polearms
  4121 | Lair:1   | Reached skill level 8 in Polearms
  4142 | Lair:1   | Reached ***** piety under Hepliaklqana
  4219 | Lair:2   | Reached skill level 9 in Polearms
  4328 | Lair:2   | Reached skill level 10 in Polearms
  4411 | Lair:3   | Reached skill level 11 in Polearms
  4420 | Lair:3   | Found a staircase to the Shoals.
  4629 | Lair:3   | Reached skill level 12 in Polearms
  4751 | Lair:4   | Reached XP level 13. HP: 97/99 MP: 26/26
  4818 | Lair:5   | Entered Level 5 of the Lair of Beasts
  4834 | Lair:5   | Reached skill level 13 in Polearms
  4911 | Lair:5   | Noticed a catoblepas
  4925 | Lair:5   | Reached skill level 14 in Polearms
  4926 | Lair:5   | Killed a catoblepas
  5026 | Lair:5   | Noticed a death yak
  5047 | Lair:5   | Killed a death yak
  5083 | Lair:5   | Reached skill level 15 in Polearms
  5094 | Lair:5   | Found a viscous altar of Jiyva.
  5114 | Lair:5   | Found a staircase to the Slime Pits.
  5133 | Lair:5   | Noticed a five-headed hydra
  5155 | Lair:5   | Killed a five-headed hydra
  5217 | Lair:5   | Noticed a catoblepas
  5229 | Lair:5   | Killed a catoblepas
  5245 | Lair:5   | Noticed a death yak
  5290 | Lair:5   | Killed a death yak
  5291 | Lair:5   | Reached skill level 16 in Polearms
  5312 | Lair:5   | Noticed a death yak
  5326 | Lair:5   | Noticed a catoblepas
  5349 | Lair:5   | Killed a death yak
  5370 | Lair:5   | Killed a catoblepas
  5426 | Lair:5   | Noticed a death yak
  5436 | Lair:5   | Killed a death yak
  5437 | Lair:5   | Reached skill level 17 in Polearms
  5437 | Lair:5   | Noticed a death yak
  5441 | Lair:5   | Reached XP level 14. HP: 104/106 MP: 24/27
  5669 | Lair:4   | Identified the +1 dagger of Quick Death {holy, rElec rF-
                  | rC+ rN++}
  5976 | D:9      | Bought a +2 plate armour of willpower for 560 gold pieces
  6106 | Shoals:1 | Entered Level 1 of the Shoals
  6106 | Shoals:1 | Noticed a merfolk impaler
  6114 | Shoals:1 | Killed a merfolk impaler
  6115 | Shoals:1 | Reached skill level 18 in Polearms
  6132 | Shoals:1 | Reached skill level 1 in Armour
  6217 | Shoals:2 | Noticed a frost giant
  6265 | Shoals:1 | Reached skill level 5 in Armour
  6321 | Shoals:2 | You fall into a shaft and drop 1 floor!
  6396 | Shoals:4 | Entered Level 4 of the Shoals
  6459 | Shoals:4 | Noticed a merfolk impaler
  6503 | Shoals:4 | HP: 2/106 [merfolk/+0 halberd[a merfolk impaler] (12)]
  6503 | Shoals:4 | Mangled by a merfolk impaler

Illustrated notes

Levels and vault maps discovered:
D:1:      eino_arrival_water_cross, layout_loops_ring,
          ebering_ecumenical_altar_abandoned
D:2:      layout_loops_corners, uniq_crazy_yiuf_cottage
D:3:      layout_basic, serial_shops, shop, uniq_terence, uniq_sigmund
D:4:      layout_gridville, uniq_edmund, uniq_natasha, uniq_ijyb, uniq_duvessa
D:5:      layout_basic, tgw_kikubaaqudgha, kennysheep_nondescript,
          uniq_blork_the_orc, uniq_pikel
D:6:      layout_layer_cave, mainiacjoe_overflow_surrounded_room,
          nicolae_ossuary_entry_ruins, st_stairs_5
D:7:      layout_basic, marbit_many_paths, temple_hall,
          nicolae_elevator_lobby_plus, uniq_maggie
D:8:      layout_basic, cheibriados_altar_1
D:9:      layout_stronghold, mainiacjoe_overflow_paths,
          nicolae_elyvilon_peaceful_grove, serial_shops,
          nicolae_shop_pleasant_corner_grove
D:10:     layout_roguey, mainiacjoe_overflow_boulevard,
          mainiacjoe_overflow_catwalk, nrook_campfire, uniq_psyche, uniq_grum,
          uniq_snorg
D:11:     evilmike_iron_armoury, layout_basic, orc_0_dummy,
          minmay_shop_enchanted_jewellery
Lair:1:   layout_loops_ring, uniq_prince_ribbit2
Lair:2:   layout_layer_cave, nicolae_spider_entry_non_spiders,
          chequers_serial_rivers_micro_b
Lair:3:   layout_cave_pods, minmay_shoals_entry_centaurs
Lair:4:   layout_gridlike, chequers_serial_rivers_room_a
Lair:5:   evilmike_catoblepas_cave, layout_hall_layers,
          nicolae_slime_entry_field_trip, nicolae_quartered_pool_medium
Shoals:1: layout_shoals, nicolae_shoals_seven_spires, nicolae_splish_splash
Shoals:2: layout_shoals, st_cyclops, uniq_ilsuiw, uniq_frances
Shoals:3: layout_shoals
Shoals:4: shoals_end_grunt_ice, layout_shoals, uniq_roxanne

Skill      XL: |  1  2  3  4  5  6  7  8  9 10 11 12 13 14 |
---------------+-------------------------------------------+-----
Spellcasting   | 3 4 5 7 8 |  8.2
Necromancy     | 5 6 9 10 | 10.1
Fighting       | 4 6 8 9 |  9.0
Dodging        | 4 5 7 |  7.2
Invocations    | 3 8 9 |  9.0
Evocations     | 6 |  6.2
Polearms       | 5 12 17 18 | 18.0
Armour         | 9 |  9.0
Stealth        | |  1.4

Action                     |  1- 3 |  4- 6 |  7- 9 | 10-12 | 13-15 || total
---------------------------+-------+-------+-------+-------+-------++-------
  Melee: Unarmed           |     1 |       |       |       |       ||     1
         Spear             |       |    17 |    17 |    11 |       ||    45
         Flail             |       |     3 |   101 |       |       ||   104
         Punch             |       |     1 |     2 |     1 |     3 ||     7
         Short sword       |       |       |    12 |       |       ||    12
         Trident           |       |       |       |   243 |   339 ||   582
         Great sword       |       |       |       |     3 |       ||     3
   Cast: Necrotise         |    36 |    47 |    45 |    42 |    17 ||   187
         Animate Dead      |       |     2 |     3 |    12 |    15 ||    32
         Vampiric Draining |       |     1 |    10 |     7 |    23 ||    41
         Dispel Undead     |       |       |     2 |     7 |       ||     9
 Invoke: Recall Ancestor   |       |     1 |     2 |     5 |     3 ||    11
         Ancestor Life: Kn |       |     1 |       |       |       ||     1
         Idealise          |       |       |       |     3 |     1 ||     4
         Transference      |       |       |       |     4 |     3 ||     7
  Evoke: Wand              |       |       |       |       |     3 ||     3
         Box of beasts     |       |       |       |       |     1 ||     1
    Use: Scroll            |       |       |     5 |     5 |     2 ||    12
         Potion            |       |       |       |     2 |     1 ||     3
   Stab: Distracted        |       |     1 |     3 |     4 |     4 ||    12
         Sleeping          |       |       |       |     1 |       ||     1
         Petrified         |       |       |       |       |     3 ||     3
 Armour: Robe              |       |     6 |    92 |    31 |    15 ||   144
         Scale mail        |       |       |       |       |    42 ||    42
  Dodge: Dodged            |     4 |    17 |   123 |    97 |    91 ||   332

Table legend: (Time is in decaauts)
 A = Elapsed time spent in this place.
 B = Non-inter-level travel time spent in this place.
 C = Inter-level travel time spent in this place.
 D = Time resting spent in this place.
 E = Time spent auto-exploring this place.
 F = Levels seen in this place.
 G = Mean time per level.
                   A        B        C        D        E       F      G
               +--------+--------+--------+--------+--------+-----+--------+
         Total |   6449 |   6091 |    358 |     75 |    569 |  21 |  307.1 |
       Dungeon |   3535 |   3348 |    187 |     19 |    545 |  11 |  321.4 |
          Lair |   2233 |   2062 |    171 |      0 |      0 |   5 |  446.6 |
        Shoals |    375 |    375 |      0 |      0 |      0 |   4 |   93.8 |
       Ossuary |    306 |    306 |      0 |     56 |     24 |   1 |  306.0 |
               +--------+--------+--------+--------+--------+-----+--------+

Top non-repeatable levels by time:
  Lair:5: 764 daAuts
     D:8: 747 daAuts
     D:9: 580 daAuts
  Lair:1: 512 daAuts
    D:10: 435 daAuts
     D:6: 390 daAuts
     D:4: 355 daAuts
  Lair:3: 345 daAuts
  Lair:4: 341 daAuts
 Ossuary: 306 daAuts
     D:5: 290 daAuts
  Lair:2: 268 daAuts
     D:3: 255 daAuts
     D:1: 177 daAuts
Shoals:1: 168 daAuts
